 Dungeon Crawl Stone Soup version 0.31-a0-222-gefeffbb62a (webtiles) character file.

Game seed: 13500308980522454424

431 qw the Chopper (level 6, -2/40 HPs)
             Began as a Gargoyle Fighter on July 4, 2023.
             Slain by a gnoll sergeant
             ... wielding a +0 trident of venom
              (4 damage)
             ... on level 5 of the Dungeon.
             The game lasted 00:01:49 (3163 turns).

qw the Chopper (Gargoyle Fighter)                   Turns: 3163, Time: 00:01:50

Health: -2/40      AC: 16    Str: 22    XL:     6   Next: 99%
Magic:  6/6        EV:  8    Int:  8    God:
Gold:   1433       SH:  4    Dex:  9    Spells: 5/5 levels left

rFire   . . .        Y - +0 war axe
rCold   . . .        c - +0 buckler
rNeg    + . .        o - +0 chain mail
rPois   inf          (no helmet)
rElec   +            (no cloak)
rCorr   +            i - +0 pair of gloves
SInv    .            e - +1 pair of boots {Stlth+}
Will    .....        (no amulet) Stlth
                     j - ring of resist corrosion
HPRegen 0.26/turn    (no ring)
MPRegen 0.10/turn

%: no passive effects
@: weakened
A: sickness immunity, AC +4, negative energy resistance 1, electricity
resistance, torment resistance 1, petrification resistance
a: no special abilities


You were on level 5 of the Dungeon.
You visited 1 branch of the dungeon, and saw 5 of its levels.

You collected 1433 gold pieces.


Innate Abilities, Weirdness & Mutations

You are immune to sickness and miasma.
Your stone body is resilient. (AC +4)
You are immune to poison.
You resist negative energy. (rN+)
You are resistant to electric shocks. (rElec)
You are resistant to unholy torment.
You are immune to petrification.


   Skills:
 - Level 5.0 Fighting
 + Level 5.8 Axes
 - Level 3.2 Armour
 - Level 3.2 Shields


You had 5 spell levels left.
You didn't know any spells.
Your spell library was empty.

Inventory:

Hand Weapons
 f - a +0 flail
 Y - a +0 war axe (weapon)
Missiles
 k - 5 boomerangs (quivered)
Armour
 b - a +2 helmet
 c - a +0 buckler (worn)
 e - a +1 pair of boots of stealth (worn)
 i - a +0 pair of gloves (worn)
 o - a +0 chain mail (worn)
 r - the +0 ring mail of Ekle Ritso {+Inv rElec Will+ Dex-4}
   (You found it on level 4 of the Dungeon)

   Dex:       It affects your dexterity (-4).
   rElec:     It insulates you from electricity.
   +Inv:      It lets you turn invisible.
   Will:      It increases your willpower.
Jewellery
 j - a ring of resist corrosion (left hand)
Scrolls
 a - 2 scrolls of identify
 h - a scroll of torment {unknown}
 p - a scroll of brand weapon {unknown}
 s - a scroll of vulnerability {unknown}
Potions
 d - 3 potions of might
 g - a potion of resistance
 l - a potion of haste {unknown}
 m - a potion of heal wounds {unknown}
 n - a potion of enlightenment {unknown}
 q - a potion of experience {unknown}

Dungeon Overview and Level Annotations

Branches:
Dungeon (4/15)
 Temple: D:4-7

Altars:
Elyvilon
Zin


Message History

The gnoll hits you but does no damage.
The gnoll sergeant hits you from afar with a +0 trident of venom!
You hit the gnoll bouda.
The gnoll bouda is lightly wounded.
The gnoll hits the plant with a +0 halberd.
The plant begins to die.
The gnoll sergeant hits you from afar with a +0 trident of venom.
The gnoll barely misses you.
The gnoll hits the plant with a +0 flail of protection!
You slash the gnoll bouda!
The gnoll bouda is severely wounded.
Your attacks no longer feel as feeble.
The gnoll hits you but does no damage.
The gnoll hits the plant with a +0 flail of protection.
The gnoll sergeant hits you from afar with a +0 trident of venom!
The gnoll bouda gazes fiercely through you!
You feel your attacks grow feeble.
The gnoll bouda hits you with a +0 club.
The gnoll hits the plant with a +0 halberd!
You closely miss the gnoll bouda.
The gnoll bouda is heavily wounded.
The gnoll hits you but does no damage.
The gnoll sergeant hits you from afar with a +0 trident of venom!
The gnoll closely misses you.
The gnoll hits the plant with a +0 flail of protection!
The gnoll hits the plant with a +0 halberd.
The gnoll bouda barely misses you.
You hit the gnoll bouda but do no damage.
The gnoll bouda is heavily wounded.
You block the gnoll's attack.
The gnoll sergeant hits you from afar with a +0 trident of venom.
The gnoll barely misses you.
The gnoll hits the plant with a +0 flail of protection!
The gnoll bouda gazes fiercely through you!
You feel as though you will be weak longer.
You block the gnoll bouda's attack.
The gnoll hits the plant with a +0 halberd.
The gnoll completely misses the plant.
The gnoll sergeant hits you from afar with a +0 trident of venom.
You die...

.........PP.
#...P...P...
#.....P...P.
##...PP......
#......P..P..
..ggPPg.... #.
#####...gg...#
#. ###.#...@g#
##.##.......###
####
..#......###
....##..#.#..##
.......##....#
.............#
...###...##..#
....##..######
....##..##


You could see a gnoll sergeant, a gnoll bouda and 4 gnolls.

Vanquished Creatures
  2 black bears (D:4)
  2 orc priests (D:3)
  A sleepcap (D:4)
  8 adders
  2 white imps
  A worm (D:2)
  2 dart slugs (D:1)
  6 orcs
  4 bats
  6 endoplasms
  A giant cockroach (D:1)
  5 goblins
  2 hobgoblins
  4 jackals (D:4)
  2 quokkas
  7 ball pythons
  3 frilled lizards
  12 kobolds
  5 rats
75 creatures vanquished.

Notes
Turn   | Place    | Note
-------+----------+-------------------------------------------
     0 | D:1      | qw the Gargoyle Fighter began the quest for the Orb.
     0 | D:1      | Reached XP level 1. HP: 14/14 MP: 1/1
     0 | D:1      | 0 ||| qw: Version: 0.3-a-46-gb1f654a
     0 | D:1      | 0 ||| qw: Game counter: 967
     0 | D:1      | 0 ||| qw: Melee chars always use a shield: true
     0 | D:1      | 0 ||| qw: God list: Okawaru
     0 | D:1      | 0 ||| qw: Allow faded altars: false
     0 | D:1      | 0 ||| qw: Do Orc after clearing Dungeon:15 true
     0 | D:1      | 0 ||| qw: Do second Lair branch before Depths: true
     0 | D:1      | 0 ||| qw: Lair rune preference: random
     0 | D:1      | 0 ||| qw: Goals: Normal, Zot:1-4, Slime:5, God:TSO, Crypt,
                  | Tomb, Abyss, Pan, Hells, Win
     0 | D:1      | 0 ||| PLANNING D:1-11
   132 | D:1      | 132 ||| Stepping ~*~*~tactically~*~*~ (hiding).
   267 | D:1      | Reached XP level 2. HP: 19/19 MP: 2/2
   351 | D:1      | 351 ||| Stepping ~*~*~tactically~*~*~ (stealth).
   363 | D:1      | 363 ||| DROPPING +0 club.
   526 | D:1      | Reached skill level 3 in Axes
   617 | D:1      | Reached XP level 3. HP: 23/23 MP: 3/3
   721 | D:1      | 721 ||| UPGRADING to +0 pair of gloves.
   726 | D:1      | 726 ||| READING 3 scrolls labelled ORINUURETHE.
   727 | D:1      | 727 ||| READING scroll labelled HUEXKAJYSI.
   828 | D:1      | 828 ||| READING scroll labelled BOCKUMUORO.
   828 | D:1      | Identified a scroll of acquirement
   828 | D:1      | 828 ||| ACQUIRING +1 pair of boots of stealth
   828 | D:1      | Acquired a +1 pair of boots of stealth
   830 | D:1      | 830 ||| UPGRADING to +1 pair of boots of stealth.
   835 | D:1      | 835 ||| READING 2 scrolls of identify.
   835 | D:1      | 835 ||| IDENTIFYING lumpy ruby potion
   915 | D:2      | 915 ||| Stepping ~*~*~tactically~*~*~ (stealth).
   964 | D:2      | 964 ||| Stepping ~*~*~tactically~*~*~ (stealth).
   965 | D:2      | 965 ||| Stepping ~*~*~tactically~*~*~ (stealth).
   982 | D:2      | 982 ||| Stepping ~*~*~tactically~*~*~ (stealth).
   983 | D:2      | 983 ||| Stepping ~*~*~tactically~*~*~ (stealth).
  1056 | D:2      | 1056 ||| READING scroll of acquirement.
  1056 | D:2      | 1056 ||| ACQUIRING 1299 gold pieces
  1056 | D:2      | Acquired 1299 gold pieces
  1210 | D:2      | Reached XP level 4. HP: 28/28 MP: 4/4
  1290 | D:2      | 1290 ||| Stepping ~*~*~tactically~*~*~ (stealth).
  1305 | D:2      | 1305 ||| Stepping ~*~*~tactically~*~*~ (stealth).
  1409 | D:2      | 1409 ||| READING scroll labelled OGACSEGYTE.
  1410 | D:2      | 1410 ||| READING scroll labelled VITOIJ NETSYOD.
  1642 | D:2      | 1642 ||| READING scroll labelled POFOCA LETUISA.
  1689 | D:3      | Found a glowing silver altar of Zin.
  1741 | D:3      | 1741 ||| DROPPING +0 whip.
  1806 | D:3      | Reached XP level 5. HP: 24/32 MP: 5/5
  1859 | D:3      | 1859 ||| Stepping ~*~*~tactically~*~*~ (stealth).
  1862 | D:3      | 1862 ||| Stepping ~*~*~tactically~*~*~ (stealth).
  1863 | D:3      | 1863 ||| Stepping ~*~*~tactically~*~*~ (stealth).
  1867 | D:3      | 1867 ||| Stepping ~*~*~tactically~*~*~ (hiding).
  1934 | D:3      | Found a white marble altar of Elyvilon.
  2115 | D:3      | 2115 ||| Stepping ~*~*~tactically~*~*~ (stealth).
  2116 | D:3      | 2116 ||| Stepping ~*~*~tactically~*~*~ (stealth).
  2117 | D:3      | 2117 ||| Stepping ~*~*~tactically~*~*~ (stealth).
  2127 | D:3      | 2127 ||| Stepping ~*~*~tactically~*~*~ (stealth).
  2458 | D:3      | 2458 ||| UPGRADING to +0 chain mail.
  2468 | D:3      | 2468 ||| DROPPING +0 scale mail.
  2469 | D:3      | 2469 ||| UPGRADING to ring of resist corrosion.
  2470 | D:3      | 2470 ||| READING scroll labelled FAECRISERR.
  2471 | D:3      | 2471 ||| READING 2 scrolls of identify.
  2471 | D:3      | 2471 ||| IDENTIFYING bubbling dark potion
  2472 | D:3      | 2472 ||| DROPPING potion of ambrosia.
  2614 | D:4      | 2614 ||| Stepping ~*~*~tactically~*~*~ (stealth).
  2647 | D:4      | Noticed a black bear
  2656 | D:4      | Killed a black bear
  2657 | D:4      | Reached XP level 6. HP: 25/40 MP: 6/6
  2754 | D:4      | Noticed a black bear
  2764 | D:4      | Killed a black bear
  2907 | D:4      | 2907 ||| Stepping ~*~*~tactically~*~*~ (stealth).
  3045 | D:4      | Identified the +0 ring mail of Ekle Ritso {+Inv rElec Will+
                  | Dex-4}
  3096 | D:4      | You fall into a shaft and drop 1 floor!
  3096 | D:5      | Entered Level 5 of the Dungeon
  3162 | D:5      | HP: 7/40 [gnoll sergeant/+0 trident of venom (11)]
  3163 | D:5      | HP: 2/40 [gnoll sergeant/+0 trident of venom (5)]
  3163 | D:5      | Slain by a gnoll sergeant

Levels and vault maps discovered:
D:1:      minmay_arrival_solitary_statue, layout_loops_cross
D:2:      layout_loops_ring, amcnicky_mini_corridor_feature, minmay_puff
D:3:      layout_basic, mainiacjoe_overflow_boulevard,
          mainiacjoe_overflow_24_doors, nicolae_underground_beach
D:4:      layout_loops_corners, hellmonk_okawaru_the_only_friend_you_need,
          serial_park_tiny_1
D:5:      layout_cave_pools, jmf_multi_god_temple2,
          gammafunk_temple_overflow_forgotten, minmay_gold_behind_fungi,
          nicolae_grassy_gnolls, uniq_sigmund

Skill      XL: |  1  2  3  4  5 |
---------------+----------------+-----
Axes           | 2 3 4 5 |  5.8
Fighting       | 5 |  5.0
Armour         | |  3.2
Shields        | |  3.2

Action                     |  1- 3 |  4- 6 || total
---------------------------+-------+-------++-------
  Melee: War axe           |    70 |   177 ||   247
  Throw: Boomerang         |       |     5 ||     5
    Use: Scroll            |     5 |     5 ||    10
 Armour: Scale mail        |    32 |    32 ||    64
         Chain mail        |       |    75 ||    75
  Dodge: Dodged            |    34 |    84 ||   118
  Block: Buckler           |    12 |    30 ||    42

Table legend:
 A = Non-vault XP
 B = Vault XP
 C = Vault XP percentage of total XP
 D = Non-vault monster count
 E = Vault monster count
 F = Vault count percentage of total count
                 A         B        C        D         E       F
            +---------+---------+-------+---------+---------+-------
      Total |     614 |       2 |   0.3 |      73 |       2 |   2.7
            +---------+---------+-------+---------+---------+-------
        D:1 |      37 |       0 |   0.0 |      21 |       0 |   0.0
        D:2 |      89 |       2 |   2.2 |      18 |       2 |  10.0
        D:3 |     129 |       0 |   0.0 |      18 |       0 |   0.0
        D:4 |     349 |       0 |   0.0 |      15 |       0 |   0.0
        D:5 |      10 |       0 |   0.0 |       1 |       0 |   0.0
            +---------+---------+-------+---------+---------+-------
